 Dungeon Crawl Stone Soup version 0.21.1-1-g345015f (webtiles) character file.

64 goulibeur the Unweaver (level 3, -2/29 HPs)
             Began as a Demonspawn Abyssal Knight on July 9, 2018.
             Was a Follower of Lugonu.
             Slain by a bullfrog (4 damage)
             ... on level 2 of the Dungeon.
             The game lasted 00:03:25 (1107 turns).

goulibeur the Unweaver (Demonspawn Abyssal Knight)  Turns: 1107, Time: 00:03:26

Health: -2/29      AC:  7    Str: 12    XL:     3   Next: 91%
Magic:  5/5        EV:  9    Int: 13    God:    Lugonu [*.....]
Gold:   44         SH:  0    Dex: 13    Spells: 2/2 levels left

rFire    . . .     SeeInvis .   a - +1 short sword
rCold    . . .     Gourm    .   (no shield)
rNeg     . . .     Faith    .   i - +0 scale mail
rPois    .         Spirit   .   (helmet restricted)
rElec    .         Reflect  .   (no cloak)
rCorr    .         Harm     .   (no gloves)
MR       .....                  h - +0 pair of boots
Stlth    ..........             (no amulet)
HPRegen  0.09/turn              (no ring)
MPRegen  0.09/turn              (no ring)

@: no status effects
A: horns 1, powered by pain 1
a: Depart the Abyss, Renounce Religion


You were on level 2 of the Dungeon.
You worshipped Lugonu.
Lugonu was aware of your devotion.
You were hungry.

You visited 1 branch of the dungeon, and saw 2 of its levels.
You visited the Abyss 1 time.

You collected 44 gold pieces.

Inventory:

Hand Weapons
 a - a +1 short sword (weapon)
Armour
 b - a +0 leather armour
 h - a +0 pair of boots (worn)
 i - a +0 scale mail (worn)
Scrolls
 d - a scroll of fear {unknown}
 e - 2 scrolls of identify {unknown}
 l - a scroll of remove curse {unknown}
Potions
 g - 2 potions of heal wounds {unknown}
 j - 2 potions of curing
 k - a potion of magic {unknown}
Comestibles
 c - 3 rations


   Skills:
 + Level 3.4 Fighting
 - Level 1.7 Short Blades
 + Level 2.3 Armour
 + Level 1.6 Dodging
 * Level 3.9 Invocations


You had 2 spell levels left.
You didn't know any spells.

Dungeon Overview and Level Annotations

Branches:
Dungeon (2/15)

Altars:


Innate Abilities, Weirdness & Mutations

You have a pair of small horns on your head.
You sometimes gain a little power by taking damage.


Message History

A worker ant comes into view.
The worker ant twitches its antennae in your direction.
You hit the bullfrog.
The bullfrog is lightly wounded.
The bullfrog hits you.
* * * LOW HITPOINT WARNING * * *
You hit the bullfrog.
The bullfrog is moderately wounded.
The bullfrog closely misses you. The bullfrog hits you.
* * * LOW HITPOINT WARNING * * *
You closely miss the bullfrog.
The bullfrog is moderately wounded.
The bullfrog hits you but does no damage.
You hit the bullfrog.
The bullfrog is severely wounded.
The bullfrog hits you.
* * * LOW HITPOINT WARNING * * *
The bullfrog hits you but does no damage.
The bullfrog hits you.
You die...

#.# #.# #.#
#.# #.# #<#
#.# #.# #@#
#F# #a# #)#
.#.....l....#
...#####.####
.# .# .#


You could see a bullfrog, a worker ant and a frilled lizard.

Vanquished Creatures
  Terence (D:2)
  An adder (D:2)
  An ooze (D:1)
  A worm (D:2)
  A dart slug (D:1)
  A leopard gecko (D:1)
  2 giant cockroaches (D:1)
  A goblin (D:1)
  5 hobgoblins (D:1)
  2 ball pythons (D:1)
  4 bats (D:1)
  4 kobolds (D:1)
  2 rats (D:1)
26 creatures vanquished.

Notes
Turn   | Place    | Note
-------+----------+-------------------------------------------
     0 | Abyss:1  | goulibeur the Demonspawn Abyssal Knight began the quest for the Orb.
     0 | Abyss:1  | Reached XP level 1. HP: 18/18 MP: 2/2
    58 | Abyss:1  | Noticed a wretched star
    59 | D:1      | Escaped the Abyss
    73 | D:1      | Reached skill level 1 in Dodging
   525 | D:1      | Gained mutation: You have a pair of small horns on your head. [demonic ancestry]
   525 | D:1      | Reached XP level 2. HP: 24/24 MP: 4/4
   545 | D:1      | Reached * piety under Lugonu
   959 | D:1      | Gained mutation: You sometimes gain a little power by taking damage. [demonic ancestry]
   959 | D:1      | Reached XP level 3. HP: 28/29 MP: 5/5
  1065 | D:2      | Noticed Terence
  1080 | D:2      | Noticed a bullfrog
  1101 | D:2      | Killed Terence
  1107 | D:2      | Slain by a bullfrog

Skill      XL: |  1  2 |
---------------+-------+-----
Dodging        | 1 |  1.6
Armour         | 2 |  2.3
Invocations    | 3 |  3.9
Fighting       | |  3.4
Short Blades   | |  1.7

Action                   || total
-------------------------++-------
Melee: Short sword       ||   110
       Headbutt          ||    10
Invok: Depart the Abyss  ||     1
Armor: Leather armour    ||    15
       Scale mail        ||    22
Dodge: Dodged            ||    50
